 Dungeon Crawl Stone Soup version 0.18.1-8-gdd0e5ea (webtiles) character file.

18437 Gargoyl the Protected (level 12, -16/96 HPs)
             Began as a Demonspawn Abyssal Knight on June 8, 2016.
             Was the Champion of Lugonu.
             Demolished by BoredAlt's ghost (18 damage)
             ... on level 3 of the Lair of Beasts.
             The game lasted 00:40:11 (17872 turns).

Gargoyl the Protected (Demonspawn Abyssal Knight)  Turns: 17872, Time: 00:40:11

Health: -16/96     AC: 23    Str: 19    XL:     12   Next: 27%
Magic:  7/14       EV: 12    Int: 15    God:    Lugonu [******]
Gold:   919        SH:  0    Dex: 20    Spells: 0 memorised, 11 levels left

rFire  + . .     SeeInvis +     j - +3 battleaxe (distort)
rCold  + . .     Gourm    .     n - +0 chain mail of the Morning {-Tele +Inv Str+3 Dex+5}
rNeg   . . .     Faith    +     (shield currently unavailable)
rPois  +         Spirit   .     u - +0 helmet
rElec  .         Dismiss  .     f - +1 cloak {rPois}
rCorr  +         Reflect  .     p - +1 pair of gloves
SustAt .         Harm     .     (boots unavailable)
MR     +....     NoTele   +     D - amulet of faith
Stlth  ..........               y - ring of resist corrosion
                                e - ring of protection from magic

@: somewhat resistant to hostile enchantments, extremely unstealthy
A: talons 3, molten scales 2, see invisible, agile 1, cold resistance 1, fire
resistance 1, nightstalker 1, poison resistance, shaggy fur 1, MP-powered wands,
sturdy frame 1
a: Depart the Abyss, Bend Space, Banish, Corrupt, Enter the Abyss, Renounce
Religion, Evoke Invisibility


You were on level 3 of the Lair of Beasts.
You worshipped Lugonu.
Lugonu was exalted by your worship.
You were not hungry.

You visited 2 branches of the dungeon, and saw 13 of its levels.
You visited the Abyss 1 time.

You collected 984 gold pieces.
You spent 65 gold pieces at shops.

Inventory:

Hand Weapons
 j - a +3 battleaxe of distortion (weapon)
 m - a +0 trident
 r - a +5 flail of draining
 C - a +0 war axe
Missiles
 l - 6 tomahawks (quivered)
Armour
 a - a +0 plate armour
 f - a +1 cloak of poison resistance (worn)
 n - the +0 chain mail of the Morning (worn) {-Tele +Inv Str+3 Dex+5}
   (You found it on level 7 of the Dungeon)

   It affects your strength (+3).
   It affects your dexterity (+5).
   It lets you turn invisible.
   It prevents most forms of teleportation.
 p - a +1 pair of gloves (worn)
 u - a +0 helmet (worn)
Jewellery
 e - a ring of protection from magic (left hand)
 s - an uncursed ring of sustain attributes
 y - a ring of resist corrosion (right hand)
 D - an amulet of faith (around neck)
Wands
 q - a wand of iceblast (15/15)
 w - a wand of polymorph (9/24)
 x - a wand of hasting (5/9)
 z - a wand of slowing (28/48)
Scrolls
 b - a scroll of identify
 g - 8 scrolls of remove curse
 h - 3 scrolls of blinking
 o - 6 scrolls of magic mapping
 H - a scroll of enchant weapon
 I - a scroll of brand weapon {unknown}
Potions
 d - 2 potions of brilliance
 i - a potion of cure mutation {unknown}
 v - a potion of resistance
Books
 B - a book of Transfigurations

   Spells                             Type                      Level
   a - Irradiate                      Conjuration/Transmutation    5
   b - Statue Form                    Transmutation/Earth          6
   c - Hydra Form                     Transmutation                6
   d - Dragon Form                    Transmutation                7
 E - a book of Necromancy

   Spells                             Type                      Level
   a - Pain                           Necromancy                   1
   b - Animate Skeleton               Necromancy                   1
   c - Vampiric Draining              Necromancy                   3
   d - Regeneration                   Charms/Necromancy            3
   e - Animate Dead                   Necromancy                   4
   f - Control Undead                 Necromancy                   4
 F - a book of Geomancy

   Spells                             Type                      Level
   a - Sandblast                      Earth                        1
   b - Passwall                       Transmutation/Earth          2
   c - Stone Arrow                    Conjuration/Earth            3
   d - Petrify                        Transmutation/Earth          4
   e - Lee's Rapid Deconstruction     Earth                        5
Comestibles
 c - 7 bread rations
 k - 9 meat rations
 t - 3 beef jerkies
 A - 7 slices of pizza


   Skills:
 + Level 9.4 Fighting
 + Level 8.1(8.8) Axes
 + Level 5.1(7.3) Maces & Flails
 * Level 12.2 Armour
 + Level 6.0 Dodging
 + Level 2.0 Stealth
 + Level 3.6 Invocations


You had 11 spell levels left.
You didn't know any spells.

Dungeon Overview and Level Annotations

Branches:
Dungeon (10/15)            Temple (0/1) D:4            Lair (3/8) D:10
  Swamp: Lair:3-6    Shoals: Lair:3-6     Snake: Lair:3-6    Spider: Lair:3-6
    Orc: D:9-12

Altars:
Cheibriados
Dithmenos
Gozag
Nemelex Xobeh
Okawaru
Pakellas
Yredelemnul

Shops:
D:5 !   D:9 [

Annotations:
Lair:3 BoredAlt's ghost, journeyman HOFi


Innate Abilities, Weirdness & Mutations

You have claws for feet.
You are mostly covered in molten scales (AC +3, EV -1).
Your flesh is heat resistant.
You are slightly more attuned to the shadows.
You have supernaturally acute eyesight.
You are agile. (Dex +2)
Your flesh is cold resistant.
Your system is resistant to poisons.
You are covered in fur (AC +1).
You expend magic power (3 MP) to strengthen your wands.
Your movements are slightly less encumbered by armour (ER -2).


Message History

The wolf bites you but does no damage.
Unknown command.
The wolf closely misses you. The wolf bites you!
* * * LOW HITPOINT WARNING * * *
Press: ? - help, Shift-Dir - straight line, f/p - BoredAlt's ghost
Aim: BoredAlt's ghost (lightly damaged, chance to defeat MR: 39%)
You fail to use your ability.
The wolf misses you. The wolf barely misses you.
BoredAlt's ghost hits you but does no damage.
Press: ? - help, Shift-Dir - straight line, f/p - BoredAlt's ghost
Aim: BoredAlt's ghost (lightly damaged, chance to defeat MR: 39%) BoredAlt's ghost resists with some effort.
You feel somewhat more hungry. The wolf misses you.
BoredAlt's ghost hits you but does no damage.
The wolf bites you but does no damage.
Press: ? - help, Shift-Dir - straight line, f/p - BoredAlt's ghost
Aim: BoredAlt's ghost (lightly damaged, chance to defeat MR: 39%)
You fail to use your ability.
The wolf bites you but does no damage. BoredAlt's ghost hits you!!
You die...

......>.....................### .
...............................
.................................
.................................
. .........÷%....................
<..................#..###.#..††..
......!..............##.##...†.†.
.....##...#....Wh........#.....##
......######....@.........#...###
..........#.......##P....##......
.....#....#P.......PP....##....#.
.......#..#..............#....##.
.....##..P#........#.....#.....##
...................#.....#....#.#
....................###.###......
..................###..#.##......
.................................


You could see a wolf and BoredAlt's ghost.

Vanquished Creatures
  Gastronok (Lair:2)
  A hydra (D:9)
  The ghost of Dickchan the Impaler, a novice MfGl of Dithmenos (D:8)
  Pikel (D:4)
  5 black mambas
  5 spiny frogs
  3 komodo dragons
  A two-headed ogre (D:10)
  Edmund (D:4)
  A wyvern (D:8)
  19 yaks
  A basilisk (Lair:3)
  The ghost of Gargoyl the Skirmisher, an amateur DsAK of Lugonu (D:6)
  6 hippogriffs
  A vampire mosquito (D:10)
  3 water moccasins
  2 porcupines (Lair:2)
  5 ice beasts
  An orc warrior (D:10)
  A sky beast (D:5)
  A wasp (D:10)
  2 necrophages
  4 ogres
  2 phantoms
  4 centaurs
  14 wolves
  5 crocodiles
  7 big kobolds
  8 giant frogs
  A wyvern skeleton (D:8)
  A scorpion (D:8)
  5 wights
  2 howler monkeys
  5 crimson imps
  A giant frog zombie (D:5)
  4 orc priests
  A wasp zombie (D:10)
  3 hounds
  3 jellies
  A centaur skeleton (D:5)
  8 orc wizards
  Crazy Yiuf (D:3)
  Jessica (D:2)
  2 giant frog skeletons
  Ijyb (D:3)
  Terence (D:2)
  10 iguanas
  4 worker ants
  2 sheep (D:9)
  A hound zombie (D:10)
  A howler monkey zombie (D:9)
  A worker ant zombie (D:5)
  A howler monkey skeleton (D:4)
  32 river rats
  12 adders
  2 shadow imps
  3 oozes
  An adder zombie (D:8)
  An adder skeleton (D:9)
  3 worms (D:3)
  3 dart slugs
  6 giant geckos
  44 orcs
  4 bats
  6 giant cockroaches
  7 goblins
  11 hobgoblins
  14 jackals
  23 kobolds
  A ball python (D:1)
  3 giant newts
  A quokka skeleton (D:9)
  5 rats
  A butterfly (D:4)
  A plant (D:9)
352 creatures vanquished.

Vanquished Creatures (others)
  A vampire mosquito (D:10)
  An orc warrior (D:7)
  A slave (D:4)
  An ogre (D:5)
  A scorpion (D:4)
  A howler monkey (D:4)
  An orc wizard (D:4)
  2 iguanas
  4 orcs (D:4)
  A giant newt (D:4)
  A bush (Lair:2)
  A butterfly (D:4)
  6 fungi (Lair:2)
  A plant (Lair:2)
23 creatures vanquished.

Grand Total: 375 creatures vanquished

Notes
Turn   | Place    | Note
--------------------------------------------------------------
     0 | Abyss:1  | Gargoyl the Demonspawn Abyssal Knight began the quest for the Orb.
     0 | Abyss:1  | Reached XP level 1. HP: 18/18 MP: 2/2
    31 | Abyss:2  | Noticed a tormentor
    74 | Abyss:2  | Noticed a wretched star
    75 | D:1      | Escaped the Abyss
   169 | D:1      | Reached skill level 1 in Dodging
   247 | D:1      | Gained mutation: You are partially covered in molten scales (AC +1). [demonic ancestry]
   247 | D:1      | Reached XP level 2. HP: 6/24 MP: 3/3
   747 | D:1      | Reached * piety under Lugonu
  1004 | D:2      | Reached skill level 2 in Armour
  1236 | D:2      | Reached XP level 3. HP: 28/30 MP: 4/4
  1355 | D:2      | Noticed Terence
  1367 | D:2      | Killed Terence
  1380 | D:2      | Reached XP level 4. HP: 34/37 MP: 5/5
  1438 | D:2      | Noticed Jessica
  1460 | D:2      | Killed Jessica
  1480 | D:2      | Reached skill level 3 in Armour
  1789 | D:2      | Found a basalt altar of Yredelemnul.
  1793 | D:2      | Found a sparkling altar of Nemelex Xobeh.
  2279 | D:3      | Noticed Crazy Yiuf
  2289 | D:3      | Gained mutation: Your flesh is cold resistant. [potion of mutation]
  2289 | D:3      | Gained mutation: You are covered in fur (AC +1). [potion of mutation]
  2289 | D:3      | Gained mutation: You occasionally shout uncontrollably at your foes. [potion of mutation]
  2351 | D:3      | Reached ** piety under Lugonu
  2351 | D:3      | Gained mutation: You are slightly more attuned to the shadows. [demonic ancestry]
  2351 | D:3      | Reached XP level 5. HP: 32/42 MP: 4/7
  2458 | D:3      | Found a shadowy altar of Dithmenos.
  2461 | D:3      | Noticed Ijyb
  2489 | D:3      | Killed Ijyb
  2761 | D:4      | Gained mutation: Your muscles are strong. (Str +2) [potion of mutation]
  2761 | D:4      | Lost mutation: Your muscles are strong. (Str +2) [potion of mutation]
  2891 | D:3      | Reached skill level 4 in Armour
  3024 | D:3      | Found an iron altar of Okawaru.
  3108 | D:3      | Killed Crazy Yiuf
  3108 | D:3      | Gained mutation: You have sharp toenails. [demonic ancestry]
  3108 | D:3      | Reached XP level 6. HP: 46/48 MP: 8/8
  3173 | D:4      | Noticed Edmund
  3176 | D:4      | Noticed a slave
  3178 | D:4      | Noticed a slave
  3179 | D:4      | Noticed a slave
  3181 | D:4      | Noticed Pikel
  3184 | D:4      | Noticed a slave
  3741 | D:4      | Killed Pikel
  3741 | D:4      | Reached skill level 5 in Armour
  3741 | D:4      | Gained mutation: You have razor-sharp toenails. [demonic ancestry]
  3741 | D:4      | Reached XP level 7. HP: 24/55 MP: 9/9
  3946 | D:4      | Killed Edmund
  4158 | D:4      | Reached skill level 6 in Armour
  4295 | D:4      | Found a staircase to the Ecumenical Temple.
  4645 | D:4      | Gained mutation: You have claws for feet. [demonic ancestry]
  4645 | D:4      | Reached XP level 8. HP: 45/61 MP: 10/10
  5460 | D:4      | Reached *** piety under Lugonu
  5497 | D:4      | Gained mutation: You are agile. (Dex +2) [potion of mutation]
  5497 | D:4      | Gained mutation: Your movements are slightly less encumbered by armour (ER -2). [potion of mutation]
  5509 | D:5      | Entered Level 5 of the Dungeon
  5557 | D:5      | Found Rieblear's Distillery.
  5602 | D:5      | Bought a potion of heal wounds for 65 gold pieces
  5616 | D:5      | Reached skill level 5 in Fighting
  5932 | D:5      | Lost mutation: You occasionally shout uncontrollably at your foes. [potion of mutation]
  5932 | D:5      | Gained mutation: You expend magic power (3 MP) to strengthen your wands. [potion of mutation]
  5933 | D:5      | Gained mutation: You have supernaturally acute eyesight. [potion of mutation]
  5933 | D:5      | Gained mutation: Your mind is acute. (Int +2) [potion of mutation]
  5933 | D:5      | Gained mutation: You are resistant to hostile enchantments. [potion of mutation]
  6268 | D:5      | Found an oddly glowing altar of Pakellas.
  6307 | D:5      | Reached skill level 7 in Armour
  6482 | D:5      | Lost mutation: You are resistant to hostile enchantments. [mutagenic meat]
  6483 | D:5      | Gained mutation: Your system is resistant to poisons. [mutagenic meat]
  6484 | D:5      | Lost mutation: Your mind is acute. (Int +2) [mutagenic meat]
  7669 | D:6      | Gained mutation: You are mostly covered in molten scales (AC +3, EV -1). [demonic ancestry]
  7669 | D:6      | Reached XP level 9. HP: 61/69 MP: 11/11
  7788 | D:6      | Reached skill level 5 in Axes
  7827 | D:6      | Noticed Gargoyl's ghost (amateur DsAK)
  7848 | D:6      | Killed Gargoyl's ghost
  8419 | D:7      | Reached skill level 8 in Armour
  8438 | D:7      | Reached skill level 1 in Maces & Flails
  8940 | D:7      | Got a shimmering chain mail
  8941 | D:7      | Identified the cursed +0 chain mail of the Morning {-Tele +Inv Str+3 Dex+5} (You found it on level 7 of the Dungeon)
  9403 | D:7      | Reached skill level 1 in Stealth
  9408 | D:7      | Reached **** piety under Lugonu
  9947 | D:8      | Reached skill level 9 in Armour
  9980 | D:8      | Found a snail-covered altar of Cheibriados.
 10233 | D:8      | Found an opulent altar of Gozag.
 10364 | D:8      | Noticed Dickchan's ghost (novice MfGl)
 10391 | D:8      | Killed Dickchan's ghost
 10391 | D:8      | Reached XP level 10. HP: 29/77 MP: 12/12
 11037 | D:9      | Found Satsap's Armour Shoppe.
 11047 | D:9      | Reached ***** piety under Lugonu
 11524 | D:9      | Reached skill level 10 in Armour
 11746 | D:9      | Noticed a three-headed hydra
 11757 | D:9      | Killed a three-headed hydra
 11887 | D:10     | Entered Level 10 of the Dungeon
 12584 | D:10     | Found a staircase to the Lair.
 12791 | D:10     | Reached XP level 11. HP: 66/86 MP: 13/13
 13036 | D:10     | Reached skill level 5 in Dodging
 13392 | Lair:1   | Entered Level 1 of the Lair of Beasts
 13668 | Lair:1   | Noticed Gastronok
 14487 | Lair:1   | Reached skill level 11 in Armour
 15412 | Lair:2   | Reached ****** piety under Lugonu
 15458 | Lair:2   | Identified a +3 battleaxe of distortion (a +1 battleaxe corrupted by Lugonu)
 15458 | Lair:2   | Received a gift from Lugonu
 16680 | Lair:2   | Killed Gastronok
 16866 | Lair:3   | Gained mutation: Your flesh is heat resistant. [demonic ancestry]
 16866 | Lair:3   | Reached XP level 12. HP: 91/95 MP: 14/14
 17086 | Lair:3   | Reached skill level 12 in Armour
 17210 | Lair:3   | Reached skill level 5 in Maces & Flails
 17844 | Lair:3   | Noticed BoredAlt's ghost (journeyman HOFi)
 17868 | Lair:3   | HP: 1/96 [wolf (8)]
 17872 | Lair:3   | Demolished by BoredAlt's ghost

Skill      XL: |  1  2  3  4  5  6  7  8  9 10 11 12 |
---------------+-------------------------------------+-----
Dodging        | 1 2 3 4 5 6 |  6.0
Armour         | 2 3 4 5 6 7 9 10 11 12 | 12.2
Fighting       | 4 5 6 8 9 |  9.4
Axes           | 2 3 4 5 6 7 8 |  8.1
Invocations    | 3 |  3.6
Maces & Flails | 3 4 5 |  5.1
Stealth        | 1 2 |  2.0

Action                   |  1- 3 |  4- 6 |  7- 9 | 10-12 || total
-------------------------+-------+-------+-------+-------++-------
Melee: Hand axe          |    92 |   292 |   373 |       ||   757
       Kick              |       |    12 |   167 |   284 ||   463
       Flail             |       |       |   192 |   333 ||   525
       Battleaxe         |       |       |       |   332 ||   332
       War axe           |       |       |       |    20 ||    20
Invok: Depart the Abyss  |     1 |       |       |       ||     1
       Bend Space        |       |       |     5 |       ||     5
       Banish            |       |       |     1 |     3 ||     4
       Brand Weapon With |       |       |       |     1 ||     1
  Use: Potion            |       |     9 |     9 |     9 ||    27
       Scroll            |       |     2 |    18 |     5 ||    25
 Stab: Invisible         |       |       |       |     4 ||     4
  Eat: Chunk             |     1 |     9 |    21 |     8 ||    39
       Bread ration      |       |       |     1 |       ||     1
       Pizza             |       |       |     1 |     3 ||     4
       Fruit             |       |       |       |    17 ||    17
Armor: Ring mail         |     5 |       |       |       ||     5
       Leather armour    |     1 |       |       |       ||     1
       Chain mail        |    59 |   232 |   448 |   569 ||  1308
       Skin              |       |    20 |       |       ||    20
Dodge: Dodged            |    24 |    98 |   272 |   530 ||   924
